 Dungeon Crawl Stone Soup version 0.19.0-19-g8c6edcc (webtiles) character file.

113119 Charly the Severer (level 15, -2/141 HPs)
             Began as a Minotaur Berserker on Nov 15, 2016.
             Was a Priest of Trog.
             Drowned by a water nymph (13 damage)
             ... on level 1 of the Shoals.
             The game lasted 01:11:40 (7095 turns).

Charly the Severer (Minotaur Berserker)             Turns: 7095, Time: 01:11:41

Health: -2/141     AC: 35    Str: 23    XL:     15   Next: 79%
Magic:  4/4        EV: 17    Int:  6    God:    Trog [***...]
Gold:   637        SH:  0    Dex: 24    Spells: 0 memorised, 14 levels left

rFire  + . .     SeeInvis +     a - +3 executioner's axe (antimagic)
rCold  + . .     Gourm    .     L - +10 plate armour {ponderous}
rNeg   . . .     Faith    .     (shield currently unavailable)
rPois  .         Spirit   .     N - +2 hat {Int+3}
rElec  .         Reflect  .     B - +0 cloak
rCorr  .         Harm     .     m - +0 pair of gloves
MR     +++..                    H - +2 pair of boots {run}
Stlth  ..........               f - amulet "Soprit" {RegenMP Int-3 Dex+9 SInv}
                                y - ring of Symmetry {rF+ Int+2}
                                C - ring of protection from cold

@: mesmerised, regenerating
A: retaliatory headbutt, horns 2
a: Berserk, Trog's Hand, Burn Spellbooks, Renounce Religion
}: 1/15 runes: gossamer


You were on level 1 of the Shoals.
You worshipped Trog.
Trog was most pleased with you.
You were not hungry.

You visited 5 branches of the dungeon, and saw 28 of its levels.
You also visited: Ice Cave.

You collected 999 gold pieces.
You spent 362 gold pieces at shops.

Inventory:

Hand Weapons
 a - a +3 antimagic executioner's axe (weapon)
 b - a +1 executioner's axe of freezing
 h - a +5 broad axe of draining
Missiles
 G - a throwing net (quivered)
Armour
 m - a +0 pair of gloves (worn)
 B - a +0 cloak (worn)
 H - a +2 pair of boots of running (worn)
 L - a +10 plate armour of ponderousness (worn)
 N - a +2 hat of intelligence (worn)
Jewellery
 f - the amulet "Soprit" (around neck) {RegenMP Int-3 Dex+9 SInv}
   (You took it off a centaur warrior on level 14 of the Dungeon)

   [amulet of magic regeneration]

   It increases your magic regeneration.
   It affects your intelligence (-3).
   It affects your dexterity (+9).
   It lets you see invisible.
 i - an uncursed ring of see invisible
 n - an uncursed ring of positive energy
 y - the ring of Symmetry (right hand) {rF+ Int+2}
   (You found it on level 1 of the Spider Nest)

   [ring of protection from fire]

   It affects your intelligence (+2).
   It protects you from fire.
 C - a ring of protection from cold (left hand)
Wands
 g - a wand of digging (0/24)
 o - a wand of iceblast (6/15)
 u - a wand of iceblast (5/15)
 K - a wand of disintegration (1/24)
Scrolls
 k - a scroll of enchant armour
 x - 4 scrolls of remove curse
 M - a scroll of recharging
Potions
 e - 2 potions of ambrosia
 q - a potion of flight
 r - 2 potions of brilliance
 s - a potion of might
 v - 2 potions of agility
 z - a potion of curing
 A - a potion of berserk rage {unknown}
 D - a potion of heal wounds
 F - a potion of magic {unknown}
 I - a potion of beneficial mutation {unknown}
Miscellaneous
 t - a lamp of fire (inert)
 J - a phantom mirror
Comestibles
 w - 8 bread rations
 E - 2 meat rations


   Skills:
 + Level 15.1 Fighting
 * Level 20.9 Axes
 + Level 14.7 Armour
 + Level 13.1 Dodging


You had 14 spell levels left.
You didn't know any spells.

Dungeon Overview and Level Annotations

Branches:
Dungeon (15/15)            Temple (0/1) D:6            Lair (6/6) D:8
 Shoals (1/4) Lair:3       Spider (4/4) Lair:3          Orc (2/2) D:10
 Vaults (0/5) D:14
  Slime: Lair:5-6       Elf: Orc:2       Depths: D:15

Altars:
Fedhas
Nemelex Xobeh
Uskayaw
Xom
Zin

Shops:
D:9 *   D:10 !   D:12 }   Orc:2 [}

Annotations:
D:10 exclusion: orange crystal statue
Lair:4 exclusion: ice statue
Spider:1 exclusion: Roxanne, Roxanne


Innate Abilities, Weirdness & Mutations

You reflexively headbutt those who attack you in melee.
You have a pair of horns on your head.


Message History

Okay, then.
You hit the merfolk avatar.
The merfolk avatar's magic leaks into the air.
Your headbutt misses the merfolk avatar.
The merfolk avatar is moderately wounded.
You slice the water nymph!!
The water nymph's magic leaks into the air.
The water nymph closely misses you. You furiously retaliate!
You headbutt the water nymph!
The snapping turtle completely misses you.
The merfolk avatar chants its luring song.
Unknown command.
You hit the merfolk avatar.
The merfolk avatar's magic leaks into the air.
The merfolk avatar is moderately wounded.
You barely miss the water nymph. You slash the drowned soul!
The drowned soul touches you. The drowned soul drowns you!
* * * LOW HITPOINT WARNING * * *
The water nymph touches you. The water nymph drowns you!
You die...

..≈≈≈≈≈≈≈≈≈≈≈≈≈
≈....≈≈≈≈≈≈≈≈≈≈≈≈
.......≈≈≈≈≈≈≈≈≈≈≈
....≈..≈≈≈≈≈≈≈≈≈≈≈
#).....≈..≈≈≈≈≈≈≈≈
#.....≈..≈≈≈≈≈≈≈≈
#.......≈≈≈≈≈≈≈≈
#......@m..≈≈≈≈
##......≈m....≈≈
#.....t≈≈≈≈≈.≈≈≈
###......≈≈...≈≈
..######....$"≈≈..≈≈
............≈≈≈≈≈≈≈≈
..>≈≈≈...≈≈≈≈≈≈≈≈≈≈≈
..#.≈......≈≈≈≈≈≈≈≈≈
..............≈.≈≈≈


You could see a merfolk avatar, a snapping turtle and a water nymph.

Vanquished Creatures
  Arachne (Spider:3)
  An Ice Fiend (IceCv)
  Agnes (Spider:4)
  2 ghost moths (Spider:4)
  4 emperor scorpions (Spider:4)
  An entropy weaver (Spider:1)
  Nessos (D:14)
  A great orb of eyes (D:14)
  3 hydras
  9 centaur warriors
  A catoblepas (D:14)
  7 death yaks
  A tengu warrior (D:14)
  Urug (D:14)
  2 sea snakes (Shoals:1)
  7 hill giants
  An unseen horror (D:14)
  A glowing orange brain (D:14)
  A wolf spider zombie (D:14)
  3 orc knights
  3 manticores
  11 ugly things
  6 orb spiders
  19 wolf spiders
  5 elephants (Lair:3)
  2 cyclopes
  2 guardian serpents (D:9)
  3 moths of wrath
  A black mamba (Lair:4)
  An ice statue (IceCv)
  The ghost of no0bjke the Thaumaturge, a novice DECj of Vehumet (D:5)
  A torpor snail (Lair:6)
  3 centaur skeletons
  A gargoyle (D:11)
  5 spiny frogs
  An efreet (D:14)
  A kobold demonologist (D:11)
  A rime drake (Lair:3)
  4 ice devils (IceCv)
  A komodo dragon (Lair:4)
  4 freezing wraiths
  A demonic crawler (Spider:3)
  An anaconda simulacrum (IceCv)
  24 jumping spiders
  A merfolk (Shoals:1)
  Prince Ribbit (D:8)
  A meliai (D:14)
  4 hornets
  6 polar bears (Lair:4)
  A two-headed ogre (D:11)
  5 blink frogs (Lair:4)
  A wolf spider simulacrum (IceCv)
  6 hippogriffs
  38 redbacks
  A wraith (D:13)
  2 shadows (D:14)
  25 tarantellas
  2 vampires
  4 dire elephant simulacra (IceCv)
  15 humans (D:14)
  11 yaks
  2 basilisks
  2 wyverns
  Grum (D:8)
  A death yak simulacrum (IceCv)
  A hungry ghost (D:11)
  A mottled dragon (D:13)
  An iron troll simulacrum (IceCv)
  2 harpy simulacra (IceCv)
  4 water moccasins
  5 hydra simulacra (IceCv)
  11 orc warriors
  4 porcupines
  A meliai simulacrum (D:14)
  An ettin simulacrum (IceCv)
  3 phantoms
  8 ice beasts
  2 ogres
  An eye of draining (D:13)
  6 centaurs
  7 wolves
  3 crocodiles
  A big kobold (D:9)
  17 bullfrogs
  2 wyvern zombies (D:13)
  2 scorpions (D:9)
  A swamp dragon simulacrum (IceCv)
  16 killer bees
  A wight (D:14)
  3 howler monkeys (D:11)
  3 electric eels
  A bullfrog zombie (D:5)
  4 crimson imps (D:14)
  2 draconian simulacra (IceCv)
  A quasit (D:11)
  3 centaur zombies
  2 orc priests (Orc:2)
  4 hounds
  A gnoll shaman (D:7)
  4 iguanas
  4 jellies
  A bullfrog skeleton (D:9)
  15 orc wizards
  6 worker ants
  2 spriggan simulacra (IceCv)
  4 troll simulacra (IceCv)
  2 wolf simulacra (IceCv)
  A centaur simulacrum (IceCv)
  A worker ant zombie (D:5)
  5 gnolls (D:7)
  3 naga simulacra (IceCv)
  4 ogre simulacra (IceCv)
  6 adders
  5 shadow imps
  7 white imps
  6 ufetubi (IceCv)
  An adder skeleton (D:8)
  A dart slug (D:1)
  A leopard gecko (D:5)
  48 orcs
  2 giant cockroaches
  2 goblins
  2 hobgoblins (D:1)
  3 jackals
  9 kobolds
  4 quokkas
  A bat (D:3)
  3 frilled lizards
  A quokka skeleton (D:7)
  3 rats
563 creatures vanquished.

Vanquished Creatures (collateral kills)
  4 orb spiders
  A tarantella (Spider:4)
5 creatures vanquished.

Vanquished Creatures (others)
  A wolf spider (Spider:4)
  2 white imps (IceCv)
  2 ufetubi (IceCv)
  2 plants (Lair:4)
7 creatures vanquished.

Grand Total: 575 creatures vanquished

Notes
Turn   | Place    | Note
-------+----------+-------------------------------------------
     0 | D:1      | Charly the Minotaur Berserker began the quest for the Orb.
     0 | D:1      | Reached XP level 1. HP: 19/19 MP: 0/0
    30 | D:1      | Reached skill level 4 in Axes
    45 | D:1      | Reached XP level 2. HP: 26/26 MP: 1/1
   151 | D:2      | Found a blossoming altar of Fedhas.
   203 | D:4      | Got a warped war axe
   204 | D:4      | Identified the +4 war axe "Plog" {protect, rC+} (You found it on level 4 of the Dungeon)
   207 | D:5      | Entered Level 5 of the Dungeon
   211 | D:5      | Found a hide-covered altar of Uskayaw.
   214 | D:5      | Found a sparkling altar of Nemelex Xobeh.
   226 | D:5      | Noticed an ogre
   230 | D:5      | Killed an ogre
   230 | D:5      | Reached skill level 6 in Axes
   230 | D:5      | Reached XP level 3. HP: 17/31 MP: 2/2
   230 | D:5      | Reached XP level 4. HP: 21/39 MP: 3/3
   233 | D:5      | Noticed no0bjke's ghost (novice DECj)
   243 | D:5      | Killed no0bjke's ghost
   243 | D:5      | Reached ** piety under Trog
   243 | D:5      | Reached skill level 9 in Axes
   243 | D:5      | Reached XP level 5. HP: 22/45 MP: 4/4
   243 | D:5      | Reached XP level 6. HP: 25/51 MP: 5/5
   379 | D:7      | Reached XP level 7. HP: 58/58 MP: 6/6
   418 | D:6      | Found a staircase to the Ecumenical Temple.
   517 | D:8      | Noticed Grum
   518 | D:8      | Found a staircase to the Lair.
   529 | D:8      | Reached skill level 10 in Axes
   532 | D:8      | Killed Grum
   538 | D:8      | Reached skill level 5 in Fighting
   538 | D:8      | Reached XP level 8. HP: 67/68 MP: 7/7
   565 | D:8      | Noticed Prince Ribbit
   567 | Lair:1   | Entered Level 1 of the Lair of Beasts
   575 | Lair:1   | Noticed a spiny frog
   578 | Lair:1   | Killed a spiny frog
   578 | Lair:1   | Reached skill level 11 in Axes
   578 | Lair:1   | Reached skill level 5 in Armour
   583 | Lair:1   | Got a jewelled chain mail
   599 | Lair:1   | Identified the +5 chain mail of Coronation {rElec rF- Dex+5} (You found it on level 1 of the Lair of Beasts)
   629 | Lair:3   | Noticed an elephant
   630 | Lair:3   | Noticed an elephant
   631 | Lair:3   | Noticed an elephant
   632 | Lair:3   | Noticed an elephant
   634 | Lair:3   | Noticed an elephant
   638 | Lair:3   | Killed an elephant
   638 | Lair:3   | Reached XP level 9. HP: 78/78 MP: 8/8
   642 | Lair:3   | Killed an elephant
   642 | Lair:3   | Reached skill level 12 in Axes
   645 | Lair:3   | Reached *** piety under Trog
   653 | Lair:3   | Killed an elephant
   656 | Lair:3   | Killed an elephant
   656 | Lair:3   | Reached skill level 13 in Axes
   656 | Lair:3   | Reached skill level 5 in Dodging
   657 | Lair:3   | Killed an elephant
   657 | Lair:3   | Reached XP level 10. HP: 88/88 MP: 9/9
   846 | Lair:4   | Noticed a spiny frog
   856 | Lair:4   | Killed a spiny frog
   856 | Lair:4   | Reached skill level 14 in Axes
   906 | Lair:3   | Noticed a death yak
   906 | Lair:3   | Noticed a death yak
   906 | Lair:3   | Noticed a death yak
   906 | Lair:3   | Noticed a death yak
   906 | Lair:3   | Noticed an eight-headed hydra
   906 | Lair:3   | Noticed a death yak
   906 | Lair:3   | Noticed a death yak
   958 | Lair:4   | Noticed an ice statue
   972 | Lair:4   | Reached XP level 11. HP: 94/97 MP: 8/10
  1093 | Lair:5   | Got a fine hand axe
  1099 | Lair:5   | Killed a death yak
  1134 | Lair:4   | Noticed an eight-headed hydra
  1152 | Lair:6   | Entered Level 6 of the Lair of Beasts
  1152 | Lair:6   | Noticed a four-headed hydra
  1158 | Lair:6   | Noticed a death yak
  1164 | Lair:6   | Killed a death yak
  1165 | Lair:6   | Reached skill level 15 in Axes
  1200 | Lair:6   | Identified the +7 hand axe of the Twelve Beds {flame, +Rage} (You found it on level 5 of the Lair of Beasts)
  1272 | Lair:4   | Reached **** piety under Trog
  1301 | Lair:4   | Killed a three-headed hydra
  1348 | Lair:4   | Reached skill level 10 in Fighting
  1473 | Lair:3   | Killed a death yak
  1473 | Lair:3   | Reached skill level 10 in Armour
  1475 | Lair:3   | Killed a death yak
  1477 | Lair:3   | Killed a death yak
  1486 | Lair:3   | Killed a death yak
  1526 | Lair:3   | Found a staircase to the Shoals.
  1535 | Lair:3   | Noticed a six-headed hydra
  1543 | Lair:3   | Killed a four-headed hydra
  1543 | Lair:3   | Reached XP level 12. HP: 108/108 MP: 9/11
  1556 | Lair:3   | Reached skill level 16 in Axes
  1578 | Lair:3   | Killed a death yak
  1657 | Lair:3   | Found a hole to the Spider Nest.
  1741 | D:8      | Killed Prince Ribbit
  2057 | D:9      | Found Zin's Purification Station.
  2059 | D:9      | Found a glowing silver altar of Zin.
  2141 | D:9      | Reached ***** piety under Trog
  2179 | D:10     | Entered Level 10 of the Dungeon
  2426 | D:12     | Found Aguyh's Gadget Shoppe.
  2439 | D:12     | Received a gift from Trog
  2545 | D:13     | Noticed a centaur warrior
  2553 | D:13     | Killed a centaur warrior
  2582 | D:15     | Entered Level 15 of the Dungeon
  2638 | D:14     | Reached skill level 17 in Axes
  2711 | D:14     | Noticed a centaur warrior
  2719 | D:14     | Killed a centaur warrior
  2720 | D:14     | Reached XP level 13. HP: 63/117 MP: 7/12
  2753 | D:14     | Reached skill level 10 in Dodging
  2841 | D:14     | Lost intelligence.
  3215 | D:14     | Reached skill level 18 in Axes
  3453 | D:14     | Noticed Urug
  3454 | D:14     | Noticed Nessos
  3475 | D:14     | Killed Urug
  3556 | D:14     | Killed Nessos
  3591 | D:14     | Found a gate to the Vaults.
  3600 | D:14     | Got an ancient silver amulet
  3602 | D:14     | Identified the amulet "Soprit" {RegenMP Int-3 Dex+9 SInv} (You took it off a centaur warrior on level 14 of the Dungeon)
  3621 | D:15     | Reached XP level 14. HP: 48/129 MP: 11/13
  3959 | D:10     | Found Zakin's Distillery.
  3967 | D:10     | Bought 2 potions of curing for 72 gold pieces
  3967 | D:10     | Bought a potion of heal wounds for 60 gold pieces
  4436 | D:10     | Received a gift from Trog
  4448 | D:10     | Found a shimmering altar of Xom.
  4448 | D:10     | Found a shimmering altar of Xom.
  4881 | D:10     | Found a staircase to the Orcish Mines.
  4886 | D:10     | Reached skill level 19 in Axes
  4891 | Orc:1    | Entered Level 1 of the Orcish Mines
  4962 | Orc:2    | Entered Level 2 of the Orcish Mines
  5026 | Orc:2    | Found Ughij's Antique Armour Emporium.
  5053 | Orc:2    | Found Tatiumi's Gadget Shoppe.
  5078 | Orc:2    | Bought an embroidered hat for 230 gold pieces
  5219 | Spider:1 | Entered Level 1 of the Spider Nest
  5342 | Spider:1 | Noticed an entropy weaver
  5349 | Spider:1 | Killed an entropy weaver
  5404 | Spider:1 | Noticed Roxanne
  5462 | Spider:1 | Got a flickering ivory ring
  5464 | Spider:1 | Identified the ring of Symmetry {rF+ Int+2} (You found it on level 1 of the Spider Nest)
  5644 | Spider:4 | Entered Level 4 of the Spider Nest
  5669 | Spider:3 | Noticed Arachne
  5675 | Spider:3 | Received a gift from Trog
  5683 | Spider:3 | Killed Arachne
  5702 | Spider:3 | Found a frozen archway.
  5709 | IceCv    | Entered an ice cave
  6182 | IceCv    | Noticed an Ice Fiend
  6198 | IceCv    | Killed an Ice Fiend
  6198 | IceCv    | Reached XP level 15. HP: 42/138 MP: 4/14
  6213 | IceCv    | Reached skill level 20 in Axes
  6253 | IceCv    | Identified a +2 pair of boots of running (You found it in an ice cave)
  6315 | Spider:4 | Noticed Agnes
  6322 | Spider:4 | Killed Agnes
  6371 | Spider:4 | Received a gift from Trog
  6441 | Spider:4 | Noticed a ghost moth
  6455 | Spider:4 | Killed a ghost moth
  6634 | Spider:4 | Noticed a ghost moth
  6648 | Spider:4 | Killed a ghost moth
  6668 | Spider:4 | Got a gossamer rune of Zot
  6712 | Spider:4 | Received a gift from Trog
  6747 | Spider:4 | Reached skill level 15 in Fighting
  6811 | Spider:2 | Lost intelligence.
  7021 | Shoals:1 | Entered Level 1 of the Shoals
  7095 | Shoals:1 | Drowned by a water nymph

Skill      XL: |  1  2  3  4  5  6  7  8  9 10 11 12 13 14 15 |
---------------+----------------------------------------------+-----
Axes           | 4 6 9 10 11 13 14 15 17 18 19 20 | 20.9
Armour         | 4 6 7 9 10 11 12 13 14 | 14.7
Fighting       | 5 6 7 9 10 11 13 14 15 | 15.1
Dodging        | 3 5 6 8 9 11 12 13 | 13.1

Action                   |  1- 3 |  4- 6 |  7- 9 | 10-12 | 13-15 || total
-------------------------+-------+-------+-------+-------+-------++-------
Melee: Hand axe          |    23 |       |       |    10 |    12 ||    45
       Headbutt          |     5 |     4 |    18 |    91 |   274 ||   392
       War axe           |     5 |    31 |    61 |   307 |   357 ||   761
       Executioner's axe |       |       |       |    43 |   332 ||   375
       Broad axe         |       |       |       |       |   154 ||   154
Invok: Berserk           |     2 |     1 |     3 |    13 |    24 ||    43
       Trog's Hand       |       |       |       |     3 |    29 ||    32
       Burn Spellbooks   |       |       |       |     3 |     1 ||     4
       Brothers in Arms  |       |       |       |       |     6 ||     6
Evoke: Wand              |       |       |       |       |    15 ||    15
       Lamp of fire      |       |       |       |       |     1 ||     1
  Use: Scroll            |       |       |     6 |    11 |    10 ||    27
       Potion            |       |       |       |       |    11 ||    11
 Stab: Invisible         |       |       |       |       |    20 ||    20
  Eat: Chunk             |       |       |     4 |    21 |    25 ||    50
       Royal jelly       |       |       |       |       |     5 ||     5
       Fruit             |       |       |       |       |     6 ||     6
       Meat ration       |       |       |       |       |     3 ||     3
       Beef jerky        |       |       |       |       |     1 ||     1
Armor: Animal skin       |     1 |       |       |       |       ||     1
       Plate armour      |     8 |       |       |       |   371 ||   379
       Scale mail        |     1 |    13 |    20 |       |       ||    34
       Chain mail        |       |       |    12 |   195 |   170 ||   377
Dodge: Dodged            |     9 |     9 |    28 |   271 |   785 ||  1102
